 Dungeon Crawl Stone Soup version 0.31-a0-818-ge7c7cf74f0 (webtiles) character file.

Game seed: 17094581362266985116

1755 heikuro the Shield-Bearer (level 9, -7/69 HPs)
             Began as a Formicid Fighter on Sept 15, 2023.
             Was a Believer of Qazlal.
             Asphyxiated
             ... on level 8 of the Dungeon on Sept 22, 2023.
             The game lasted 00:18:45 (6155 turns).

heikuro the Shield-Bearer (Formicid Fighter)        Turns: 6155, Time: 00:18:46

Health: -7/69      AC: 16    Str: 26    XL:     9   Next: 27%
Magic:  10/12      EV:  7    Int:  9    God:    Qazlal [**....]
Gold:   542        SH:  8    Dex: 13    Spells: 8/8 levels left

rFire   + . .        a - +0 battleaxe
rCold   + . .        c - +0 buckler
rNeg    + + .        r - +0 plate armour
rPois   .            (helmet unavailable)
rElec   .            (no cloak)
rCorr   .            u - +0 pair of gloves
SInv    +            t - +1 pair of boots "Cuptieg" {rF+ rC+ rN+}
Will    +....        k - amulet of regeneration Stlth
                     q - ring of Vuuqe {rN+ Will+ Int+2 Stlth-}
HPRegen 1.11/turn    (no ring)
MPRegen 0.13/turn

%: no passive effects
@: lethally poisoned (-7 -> -11)
A: permanent stasis, dig shafts and tunnels, antennae 3, four strong arms
a: Dig, Shaft Self, Renounce Religion, Upheaval


You were on level 8 of the Dungeon.
You worshipped Qazlal.
Qazlal was pleased with you.
You visited 2 branches of the dungeon, and saw 9 of its levels.

You collected 542 gold pieces.

Inventory:

Hand Weapons
 a - a +0 battleaxe (weapon)
Missiles
 n - a throwing net
 y - 3 poisoned darts
 z - 3 curare-tipped darts (quivered)
Armour
 c - a +0 buckler (worn)
 r - a +0 plate armour (worn)
 t - the +1 pair of boots "Cuptieg" (worn) {rF+ rC+ rN+}
   (You found it on level 3 of the Dungeon)

   rF+:       It protects you from fire.
   rC+:       It protects you from cold.
   rN+:       It protects you from negative energy.
 u - a +0 pair of gloves (worn)
Jewellery
 k - an amulet of regeneration (around neck)
 q - the ring of Vuuqe (left hand) {rN+ Will+ Int+2 Stlth-}
   (You found it on level 2 of the Dungeon)

   [ring of willpower]

   Int+2:     It affects your intelligence (+2).
   rN+:       It protects you from negative energy.
   Will+:     It increases your willpower.
   Stlth-:    It makes you less stealthy.
Talismans
 l - a granite talisman
Wands
 A - a wand of iceblast (8)
 F - a wand of digging (1)
Scrolls
 f - a scroll of identify
 g - 3 scrolls of amnesia {unknown}
 h - 3 scrolls of enchant armour {unknown}
 m - 2 scrolls of immolation {unknown}
 o - a scroll of brand weapon {unknown}
 s - 2 scrolls of noise {unknown}
 w - a scroll of poison {unknown}
 x - a scroll of fog {unknown}
 E - a scroll of enchant weapon {unknown}
 G - a scroll of fear {unknown}
 H - a scroll of torment {unknown}
Potions
 b - a potion of attraction
 d - 2 potions of might
 e - 4 potions of ambrosia
 i - a potion of berserk rage {unknown}
 j - a potion of mutation {unknown}
 p - 4 potions of curing
 v - 2 potions of lignification {unknown}
 B - 3 potions of haste {unknown}
 C - 2 potions of invisibility {unknown}
 D - a potion of heal wounds {unknown}


   Skills:
 + Level 6.1 Fighting
 * Level 7.0 Axes
 + Level 6.1 Armour
 + Level 7.2 Shields
 + Level 4.7 Invocations


You had 8 spell levels left.
You didn't know any spells.
Your spell library contained the following spells:

 Spells                   Type           Power      Damage    Failure   Level
 Freeze                   Ice            0%         1d3       99%         1
 Magic Dart               Conj           0%         1d3       99%         1
 Shock                    Conj/Air       0%         1d3       99%         1
 Summon Small Mammal      Summ           0%         N/A       99%         1
 Call Imp                 Summ           0%         N/A       100%        2
 Call Canine Familiar     Summ           0%         N/A       100%        3
 Frozen Ramparts          Ice            0%         1d1       100%        3
 Hailstorm                Conj/Ice       0%         3d3       100%        3
 Mephitic Cloud           Conj/Pois/Air  0%         N/A       100%        3
 Stone Arrow              Conj/Erth      0%         3d7       100%        3
 Summon Guardian Golem    Hex/Summ       0%         N/A       100%        3
 Airstrike                Air            0%         2d(0-16)  100%        4
 Animate Armour           Summ/Erth      0%         N/A       100%        4
 Lehudib's Crystal Spear  Conj/Erth      0%         10d2      100%        8
 Swiftness                Air            Unusable   N/A       N/A         3

Dungeon Overview and Level Annotations

Branches:
Dungeon (8/15)             Temple (1/1) D:4
   Lair: D:8-11

Altars:
Cheibriados
Dithmenos
Elyvilon
Fedhas
Gozag
Hepliaklqana
Kikubaaqudgha
Nemelex Xobeh
Okawaru
Qazlal
Ru
Sif Muna
Trog
Uskayaw
Vehumet
Xom
Yredelemnul
Zin
The Shining One
Lugonu

Shops:
D:2 *   D:7 *[[*


Innate Abilities, Weirdness & Mutations

You cannot be hasted, slowed, berserked, paralysed or teleported.
You can dig through walls and to a lower floor.
You have a pair of large antennae on your head. (SInv)
Your four strong arms can wield two-handed weapons with a shield.


Message History

You slash the orc wizard!
The orc wizard hits you but does no damage.
You barely miss the orc wizard.
The orc wizard is almost dead.
You barely miss the two-headed ogre.
The two-headed ogre hits you with a +0 giant spiked club!!
The two-headed ogre hits you with a +0 giant club!!
A kobold comes into view. It is wielding a +0 short sword.
The orc wizard casts a spell at you. The puff of flame hits you. You resist.
The orc wizard hits you but does no damage.
The kobold moves out of view.
You are too injured to fight recklessly!
Unknown command.
You barely miss the two-headed ogre.
The two-headed ogre is severely wounded.
You slash the orc wizard!
You kill the orc wizard!
Qazlal accepts your kill.
You block the two-headed ogre's attack. x2
The kobold brigand throws a curare-tipped dart.
The curare-tipped dart hits you.
You are poisoned.
You have difficulty breathing.
Your stasis prevents you from being slowed.
A kobold comes into view. It is wielding a +0 short sword.
Your Axes skill increases to level 7!
You barely miss the two-headed ogre.
The two-headed ogre is severely wounded.
You feel sick.
The kobold shouts!
The two-headed ogre hits you with a +0 giant spiked club!
* * * LOW HITPOINT WARNING * * *
The two-headed ogre hits you with a +0 giant club!
* * * LOW HITPOINT WARNING * * *
The kobold brigand throws a curare-tipped dart.
The curare-tipped dart hits you.
You are lethally poisoned!
You have difficulty breathing.
You die...

#....#
#.#....# #.
#.#....# #..
#.#.)..# ..##
#.#....# ...
#.#....#
#..#.#.)).#
#.#.#..@.#
#...#..O.#
###......#
#.###........
#<# ###.K.###
### [>.{..
...).. ......
{ ####.


You could see a two-headed ogre and a kobold brigand.

Vanquished Creatures
  Joseph (D:7)
  A water moccasin (D:5)
  An ice beast (D:7)
  An ogre (D:6)
  2 phantoms
  2 bullfrogs
  A gnoll sergeant (D:7)
  4 scorpions
  A lava snake (D:7)
  A hound (D:4)
  2 orc priests
  3 jellies
  4 iguanas
  4 orc wizards
  Robin (D:4)
  4 gnolls (D:7)
  4 adders
  An ufetubus (D:5)
  4 dart slugs
  15 orcs
  6 endoplasms
  2 giant cockroaches (D:2)
  14 goblins
  10 hobgoblins
  7 jackals
  9 kobolds
  A quokka (D:2)
  3 ball pythons
  7 bats
  A frilled lizard (D:2)
  4 rats
121 creatures vanquished.

Notes
Turn   | Place    | Note
-------+----------+-------------------------------------------
     0 | D:1      | heikuro the Formicid Fighter began the quest for the Orb.
     0 | D:1      | Reached XP level 1. HP: 18/18 MP: 1/1
   196 | D:1      | Reached XP level 2. HP: 24/24 MP: 2/2
   638 | D:1      | Reached XP level 3. HP: 7/29 MP: 3/3
  1088 | D:2      | Found a faded altar of an unknown god.
  1135 | D:2      | Found Peahor's Assorted Antiques.
  1231 | D:2      | Upgraded the game from 0.31-a0-765-g67fe2935dc to
                  | 0.31-a0-771-g505c3d19dc
  1301 | D:2      | Identified the ring of Vuuqe {rN+ Will+ Int+2 Stlth-}
  1563 | D:3      | Reached XP level 4. HP: 37/37 MP: 4/4
  1574 | D:3      | Identified the +1 pair of boots "Cuptieg" {rF+ rC+ rN+}
  1635 | D:3      | Found a blossoming altar of Fedhas.
  1704 | D:3      | Found a radiant altar of Vehumet.
  1713 | D:3      | Reached XP level 5. HP: 42/42 MP: 5/5
  1875 | D:3      | Found a stormy altar of Qazlal.
  1883 | D:3      | Became a worshipper of Qazlal Stormbringer
  2066 | D:4      | Found a staircase to the Ecumenical Temple.
  2077 | D:4      | Reached skill level 5 in Shields
  2089 | Temple   | Entered the Ecumenical Temple
  2108 | D:4      | Reached skill level 1 in Invocations
  2108 | D:4      | Reached XP level 6. HP: 46/48 MP: 6/6
  2307 | D:4      | Noticed Robin
  2316 | D:4      | Reached * piety under Qazlal
  2317 | D:4      | Killed Robin
  2522 | D:4      | Upgraded the game from 0.31-a0-771-g505c3d19dc to
                  | 0.31-a0-818-ge7c7cf74f0
  2552 | D:4      | Found a hide-covered altar of Uskayaw.
  2669 | D:4      | Found an ancient bone altar of Kikubaaqudgha.
  2830 | D:5      | Entered Level 5 of the Dungeon
  2877 | D:5      | Found a bloodstained altar of Trog.
  2969 | D:5      | Reached XP level 7. HP: 55/55 MP: 8/8
  2993 | D:5      | Found a shadowy altar of Dithmenos.
  3028 | D:5      | Found a basalt altar of Yredelemnul.
  3678 | D:5      | Noticed a water moccasin
  3688 | D:5      | Killed a water moccasin
  3689 | D:5      | Reached skill level 5 in Axes
  3879 | D:5      | Reached skill level 5 in Armour
  3879 | D:5      | Reached XP level 8. HP: 35/61 MP: 10/10
  3918 | D:5      | Reached skill level 5 in Fighting
  4171 | D:6      | Found a white marble altar of Elyvilon.
  4292 | D:6      | Found a hazy altar of Hepliaklqana.
  4857 | D:6      | Found an opulent altar of Gozag.
  4889 | D:6      | Found a glowing silver altar of Zin.
  5032 | D:7      | Found Meodaat's Antique Armour Emporium.
  5144 | D:7      | Found Sofyijiu's Assorted Antiques.
  5202 | D:7      | Found a sparkling altar of Nemelex Xobeh.
  5211 | D:7      | Noticed Joseph
  5460 | D:7      | Reached ** piety under Qazlal
  5465 | D:7      | Reached XP level 9. HP: 65/69 MP: 12/12
  5557 | D:7      | Killed Joseph
  5771 | D:7      | Found Qing's Antique Armour Emporium.
  5844 | D:7      | Found Pydupn's General Store.
  6145 | D:8      | Noticed a two-headed ogre
  6155 | D:8      | HP: 1/69 [two-headed ogre/+0 giant spiked club (14)]
  6155 | D:8      | Asphyxiated

Illustrated notes

Levels and vault maps discovered:
D:1:      amcnicky_arrival_single_pillar, layout_basic, minmay_misc_feat_chi,
          minmay_ruptured
D:2:      layout_basic, chequers_ecumenical_altar_island, serial_shops,
          nicolae_shop_rolling_square
D:3:      layout_rooms, grunt_temple_overflow_forces_of_nature,
          nicolae_vehumet_radiance
D:4:      layout_loops_ring, mainiacjoe_overflow_alcove_1,
          nicolae_kikubaaqudgha_miasma_corner, minmay_temple_entry_large_hall,
          uniq_robin
D:5:      nicolae_cairo_tiling_very_big, layout_basic,
          mainiacjoe_overflow_large_starburst, nicolae_overflow_crystal_walls
D:6:      layout_loops_ring, pdpol_temple_overflow_zin_treasury_gozag_greed,
          nicolae_hepliaklqana_hippocampus, lemuel_tele_altar
D:7:      layout_basic, nemelex_xobeh_ov_fountains_minmay, serial_shops,
          nicolae_shop_crystal, nicolae_shop_window_shopping, shop_coins,
          nicolae_shop_tiny_statue_garden, kennysheep_path_1, uniq_joseph
D:8:      layout_basic, kennysheep_little_box, demons_altar, serial_shops, shop
Temple:   corrupted_temple

Skill      XL: |  1  2  3  4  5  6  7  8  9 |
---------------+----------------------------+-----
Axes           | 3 4 5 6 7 |  7.0
Fighting       | 4 5 6 |  6.1
Armour         | 4 5 6 |  6.1
Shields        | 5 6 7 |  7.2
Invocations    | 1 2 4 |  4.7

Action                     |  1- 3 |  4- 6 |  7- 9 || total
---------------------------+-------+-------+-------++-------
  Melee: War axe           |    93 |   134 |   136 ||   363
         Battleaxe         |       |       |    36 ||    36
  Throw: Dart              |       |       |     1 ||     1
 Invoke: Upheaval          |       |       |     1 ||     1
Ability: Dig               |       |       |     1 ||     1
    Use: Scroll            |       |       |     4 ||     4
 Armour: Scale mail        |    67 |       |       ||    67
         Plate armour      |    17 |   114 |   146 ||   277
  Dodge: Dodged            |    42 |    45 |    49 ||   136
  Block: Buckler           |    35 |    47 |    73 ||   155
         Form:             |     1 |       |       ||     1
         Statue            |     1 |       |       ||     1

Table legend: (Time is in decaauts)
 A = Elapsed time spent in this place.
 B = Non-inter-level travel time spent in this place.
 C = Inter-level travel time spent in this place.
 D = Time resting spent in this place.
 E = Time spent auto-exploring this place.
 F = Levels seen in this place.
 G = Mean time per level.
                   A        B        C        D        E       F      G
               +--------+--------+--------+--------+--------+-----+--------+
         Total |   6297 |   5876 |    421 |    251 |   4057 |   9 |  699.7 |
       Dungeon |   6296 |   5875 |    421 |    251 |   4057 |   8 |  787.0 |
        Temple |      1 |      1 |      0 |      0 |      0 |   1 |    1.0 |
               +--------+--------+--------+--------+--------+-----+--------+

Top non-repeatable levels by time:
     D:5: 1204 daAuts
     D:7: 1070 daAuts
     D:1: 1063 daAuts
     D:6: 956 daAuts
     D:4: 950 daAuts
     D:2: 548 daAuts
     D:3: 482 daAuts
     D:8: 19 daAuts
  Temple: 1 daAuts
